 Dungeon Crawl Stone Soup version 0.28-a0-991-g956f0ee3d5 (webtiles) character file.

Game seed: 8793218081631271885

2046 demibob the Cruncher (level 9, -5/61 HPs)
             Began as a Demonspawn Gladiator on Dec 4, 2021.
             Was a Believer of Vehumet.
             Killed from afar by Harold (11 damage)
             ... with an iceblast
             ... on level 7 of the Dungeon.
             The game lasted 00:11:54 (6491 turns).

demibob the Cruncher (Demonspawn Gladiator)         Turns: 6491, Time: 00:11:55

Health: -5/61      AC:  8    Str: 17    XL:     9   Next: 4%
Magic:  6/10       EV: 16    Int: 12    God:    Vehumet [**....]
Gold:   288        SH:  0    Dex: 14    Spells: 7/10 levels left

rFire   . . .      SeeInvis .   a - +1 quarterstaff
rCold   . . .      Faith    .   (shield currently unavailable)
rNeg    . . .      Spirit   .   b - +0 leather armour
rPois   .          Reflect  .   c - +0 helmet
rElec   .          Harm     .   (no cloak)
rCorr   .          Rampage  .   p - +0 pair of gloves
Will    .....                   (no boots)
Stlth   +.........              (no amulet)
HPRegen 0.20/turn               E - +4 ring of evasion
MPRegen 0.24/turn               L - ring of flight

@: marked, flying
A: slimy green scales 2, magic regeneration, weakness stinger 2, talons 2
a: Renounce Religion


You were on level 7 of the Dungeon.
You worshipped Vehumet.
Vehumet was pleased with you.
You visited 1 branch of the dungeon, and saw 7 of its levels.

You collected 288 gold pieces.


Innate Abilities, Weirdness & Mutations

You are mostly covered in slimy green scales. (AC +3)
You regenerate magic rapidly.
You have a tail ending in a sharp stinger.
You have razor-sharp toenails.


   Skills:
 - Level 2.0 Fighting
 * Level 9.6 Staves
 - Level 1.7 Throwing
 - Level 2.6 Dodging
 + Level 1.2 Spellcasting
 - Level 4.8 Conjurations
 - Level 1.7 Air Magic
 + Level 2.0 Poison Magic


You had 7 spell levels left.
You knew the following spells:

 Your Spells              Type           Power      Damage    Failure   Level
p - Poisonous Vapours     Pois/Air       10%        N/A       26%         2
z - Shock                 Conj/Air       32%        1d5       10%         1

Your spell library contained the following spells:

 Spells                   Type           Power      Damage    Failure   Level
 Sandblast                Erth           0%         2d4       36%         1
 Dazzling Flash           Conj/Hex       12%        N/A       36%         3
 Stone Arrow              Conj/Erth      12%        3d7       36%         3
 Passwall                 Tmut/Erth      0%         N/A       50%         2
 Iskenderun's Mystic Bla  Conj/Tloc      6%         2d4       78%         4
 Animate Armour           Summ/Erth      0%         N/A       98%         4
 Cause Fear               Hex            0%         N/A       98%         4
 Petrify                  Tmut/Erth      0%         N/A       98%         4
 Blade Hands              Tmut           0%         N/A       100%        5
 Metabolic Englaciation   Hex/Ice        0%         N/A       100%        5
 Iron Shot                Conj/Erth      3%         9d2       100%        6
 Starburst                Conj/Fire      3%         6d3       100%        6
 Statue Form              Tmut/Erth      0%         N/A       100%        6
 Dragon Form              Tmut           0%         N/A       100%        7
 Dragon's Call            Summ           0%         N/A       100%        9

Inventory:

Hand Weapons
 a - a +1 quarterstaff (weapon)
Armour
 b - a +0 leather armour (worn)
 c - a +0 helmet (worn)
 p - a +0 pair of gloves (worn)
Jewellery
 E - a +4 ring of evasion (left hand)
 L - a ring of flight (right hand)
 T - a +4 ring of protection
Wands
 m - a wand of digging (4)
Scrolls
 f - 3 scrolls of fear
 j - 2 scrolls of enchant weapon
 r - 2 scrolls of fog
Potions
 d - a potion of resistance {unknown}
 e - 2 potions of flight {unknown}
 g - 2 potions of cancellation {unknown}
 h - 2 potions of attraction {unknown}
 k - a potion of might {unknown}
 l - a potion of brilliance
 n - a potion of lignification {unknown}
 q - 2 potions of curing {@q1}
 t - a potion of ambrosia {unknown}

Dungeon Overview and Level Annotations

Branches:
Dungeon (7/15)
 Temple: D:4-7

Altars:
Qazlal
Vehumet

Annotations:
D:3 3 runed translucent doors, croobank's ghost, novice OpMo
D:7 Harold

#.# # #.# # #.#.###.###.##
.............# ..o.o.o......# #
#)# # #. #o# .#
#.###.###@###..#
#...o..Y...@...#
.##..#.#...##..#
#...............
######..####.#.###########
#.......................
#.##....#..............#
##.###..#................
#.......................#
#.#####.####^####.............#


You could see Harold (very poisoned), an ice beast and an orc priest.


Message History

Harold is lightly wounded.
Harold points at you and mumbles some strange words.
A sentinel's mark forms upon you.
It was a potion of curing.
You feel better. Harold casts a spell at you. The mark upon you grows brighter.
Okay, then.
Casting: Poisonous Vapours (dangerous; 26% risk of failure)
Confirm with . or Enter, or press ? or * to list all spells.
Aiming: Poisonous Vapours (dangerous; 26% risk of failure)
Press: ? - help, Dir - move target, f/p - Harold
Aim: Harold, wielding a +0 dire flail of protection, wearing a +1 chain mail of fire resistance, quivering 4 throwing nets and carrying a wand of iceblast (8) (lightly wounded, very poisoned) Poisonous vapours surround Harold!
Harold looks even sicker.
An orc comes into view. It is wielding a +0 dagger.
Harold hits you with a +0 dire flail of protection!
You hit Harold but do no damage. You claw Harold.
Harold is lightly wounded.
You hit Harold but do no damage. Your kick misses Harold.
Harold is lightly wounded.
Harold says, "Bounty hunting has been great, but I can't wait to retire."
Harold hits you with a +0 dire flail of protection!
* * * LOW HITPOINT WARNING * * *
You hit Harold but do no damage.
Harold is lightly wounded.
Harold hits you with a +0 dire flail of protection!!
* * * LOW HITPOINT WARNING * * *
An ice beast comes into view.
An orc priest comes into view. It is wielding a +0 whip.
Harold zaps a wand.
The mass of ice explodes!
The iceblast engulfs you!
You die...

Skill      XL: |  1  2  3  4  5  6  7  8  9 |
---------------+----------------------------+-----
Staves         | 3 4 5 6 7 9 |  9.6
Air Magic      | 1 |  1.7
Conjurations   | 1 3 4 |  4.8
Poison Magic   | 1 2 |  2.0
Spellcasting   | 1 |  1.2
Fighting       | |  2.0
Throwing       | |  1.7
Dodging        | |  2.6

Action                   |  1- 3 |  4- 6 |  7- 9 || total
-------------------------+-------+-------+-------++-------
Melee: Quarterstaff      |   131 |   160 |   166 ||   457
       Tailslap          |     7 |    20 |    30 ||    57
       Kick              |       |       |    35 ||    35
Throw: Throwing net      |       |       |     5 ||     5
 Cast: Shock             |       |     1 |    31 ||    32
       Poisonous Vapours |       |       |     6 ||     6
Evoke: Wand              |       |       |     3 ||     3
  Use: Scroll            |     1 |     7 |     3 ||    11
       Potion            |     1 |     1 |     7 ||     9
 Stab: Sleeping          |       |     1 |       ||     1
Armor: Leather armour    |    48 |    40 |    36 ||   124
Dodge: Dodged            |   143 |   112 |   139 ||   394

Levels and vault maps discovered:
D:1:      eino_arrival_cavern_b, layout_loops_corners
D:2:      layout_basic, dreamdust_ecumenical_altar_grove
D:3:      cheibrodos_old_hovel, layout_loops_ring, lemuel_round_altar,
          gammafunk_ghost_nasty_kobolds
D:4:      layout_loops_ring, nicolae_vehumet_altar_sigil, minmay_misc_feat_five
D:5:      wander_river, layout_cave_pools, minivault_14, hangedman_decor_lopped,
          minmay_fractal_squares_5
D:6:      layout_basic, uniq_prince_ribbit1, uniq_edmund
D:7:      lemuel_bear_cage, layout_basic, lemuel_tele_altar,
          minmay_temple_entry_glassed_door, minmay_misc_feat_nine_boxes,
          serial_park_tiny_1, grunt_ministairs_1, uniq_harold

Notes
Turn   | Place    | Note
-------+----------+-------------------------------------------
     0 | D:1      | demibob the Demonspawn Gladiator began the quest for the
                  | Orb.
     0 | D:1      | Reached XP level 1. HP: 16/16 MP: 1/1
   254 | D:1      | Reached skill level 3 in Staves
   311 | D:1      | Gained mutation: You are partially covered in slimy green
                  | scales. (AC +2) [demonic ancestry]
   311 | D:1      | Reached XP level 2. HP: 22/22 MP: 2/2
   728 | D:1      | Gained mutation: You have a small tail. [demonic ancestry]
   728 | D:1      | Reached XP level 3. HP: 27/27 MP: 3/3
   929 | D:1      | Reached skill level 4 in Staves
  1333 | D:2      | Gained mutation: Your magical capacity is low. (-10% MP)
                  | [potion of mutation]
  1333 | D:2      | Gained mutation: You tend to lose your temper in combat.
                  | [potion of mutation]
  1537 | D:2      | Reached XP level 4. HP: 31/33 MP: 3/3
  1590 | D:2      | Found a faded altar of an unknown god.
  1700 | D:2      | Reached skill level 5 in Staves
  2080 | D:2      | Prayed at the altar of an unknown god.
  2080 | D:2      | Became a worshipper of Vehumet
  2080 | D:2      | Reached * piety under Vehumet
  2080 | D:2      | Offered knowledge of Shock by Vehumet.
  2083 | D:2      | Learned a level 1 spell: Shock
  2278 | D:3      | Gained mutation: You have a tail ending in a sharp stinger.
                  | [demonic ancestry]
  2278 | D:3      | Reached XP level 5. HP: 31/38 MP: 4/4
  2447 | D:3      | You fall into a shaft and drop 2 floors!
  2447 | D:5      | Entered Level 5 of the Dungeon
  2466 | D:5      | Noticed a centaur
  2469 | D:5      | Noticed an ogre
  2575 | D:4      | Found a radiant altar of Vehumet.
  2795 | D:4      | Noticed an ice beast
  2811 | D:4      | Killed an ice beast
  2812 | D:4      | Reached skill level 6 in Staves
  2812 | D:4      | Reached skill level 1 in Air Magic
  2812 | D:4      | Gained mutation: You regenerate magic rapidly. [demonic
                  | ancestry]
  2812 | D:4      | Reached XP level 6. HP: 44/44 MP: 5/5
  3141 | D:3      | Noticed croobank's ghost (novice OpMo)
  3142 | D:3      | Found a runed translucent gate.
  3142 | D:3      | Found a runed translucent gate.
  3142 | D:3      | Found a runed translucent gate.
  3419 | D:3      | Found a stormy altar of Qazlal.
  4132 | D:5      | Offered knowledge of Freeze by Vehumet.
  4134 | D:5      | Reached ** piety under Vehumet
  4135 | D:5      | Reached skill level 1 in Conjurations
  4184 | D:5      | Reached XP level 7. HP: 39/50 MP: 6/6
  4379 | D:5      | Reached skill level 7 in Staves
  4379 | D:5      | Reached skill level 2 in Conjurations
  4682 | D:5      | Lost mutation: You tend to lose your temper in combat.
                  | [potion of mutation]
  4682 | D:5      | Lost mutation: Your magical capacity is low. (-10% MP)
                  | [potion of mutation]
  4682 | D:5      | Gained mutation: Your mind is acute. (Int +2) [potion of
                  | mutation]
  4682 | D:5      | Gained mutation: You sometimes lose the ability to read
                  | scrolls when taking damage. [potion of mutation]
  4682 | D:5      | Gained mutation: You tend to lose your temper in combat.
                  | [potion of mutation]
  4712 | D:5      | Reached skill level 3 in Conjurations
  4773 | D:3      | Lost mutation: Your mind is acute. (Int +2) [potion of
                  | mutation]
  4773 | D:3      | Lost mutation: You tend to lose your temper in combat.
                  | [potion of mutation]
  4773 | D:3      | Lost mutation: You sometimes lose the ability to read
                  | scrolls when taking damage. [potion of mutation]
  4773 | D:3      | Gained mutation: You have large cloven feet. [potion of
                  | mutation]
  4773 | D:3      | Gained mutation: You tend to lose your temper in combat.
                  | [potion of mutation]
  4870 | D:5      | Lost mutation: You tend to lose your temper in combat.
                  | [potion of mutation]
  4870 | D:5      | Lost mutation: You have large cloven feet. [potion of
                  | mutation]
  4870 | D:5      | Gained mutation: You have sharp toenails. [potion of
                  | mutation]
  4870 | D:5      | Gained mutation: You have razor-sharp toenails. [potion of
                  | mutation]
  5137 | D:6      | Reached XP level 8. HP: 47/56 MP: 6/8
  5141 | D:6      | Reached skill level 8 in Staves
  5269 | D:6      | Noticed Prince Ribbit
  5303 | D:6      | Reached skill level 4 in Conjurations
  5331 | D:6      | Killed Prince Ribbit
  5572 | D:6      | Reached skill level 9 in Staves
  5673 | D:6      | Offered knowledge of Poisonous Vapours by Vehumet.
  5677 | D:6      | Learned a level 2 spell: Poisonous Vapours
  5717 | D:6      | Reached skill level 1 in Poison Magic
  5920 | D:6      | Noticed Edmund
  5941 | D:6      | >>hm
  5956 | D:6      | Killed Edmund
  5957 | D:6      | Reached skill level 1 in Spellcasting
  5957 | D:6      | Gained mutation: You are mostly covered in slimy green
                  | scales. (AC +3) [demonic ancestry]
  5957 | D:6      | Reached XP level 9. HP: 17/61 MP: 4/10
  6388 | D:7      | Reached skill level 2 in Poison Magic
  6474 | D:7      | Noticed Harold
  6488 | D:7      | HP: 6/61 [Harold (19)]
  6491 | D:7      | Killed from afar by Harold

Vanquished Creatures
  Prince Ribbit (D:6)
  Edmund (D:6)
  A water moccasin (D:5)
  An ice beast (D:4)
  2 sky beasts (D:6)
  3 ogres (D:5)
  A phantom (D:6)
  2 centaurs
  A scorpion (D:6)
  A water moccasin skeleton (D:5)
  A wyvern skeleton (D:5)
  A centaur zombie (D:6)
  2 orc priests
  A jelly (D:6)
  3 hounds
  3 bullfrog skeletons
  2 iguanas (D:6)
  4 orc wizards
  A hound zombie (D:5)
  3 gnolls (D:2)
  5 adders
  A howler monkey skeleton (D:5)
  2 white imps (D:5)
  3 ufetubi
  4 worms
  3 dart slugs
  16 orcs
  9 bats
  16 endoplasms
  5 giant cockroaches
  4 goblins
  6 hobgoblins
  10 jackals
  4 quokkas
  5 ball pythons
  A frilled lizard (D:3)
  11 kobolds
  4 rats
144 creatures vanquished.

Vanquished Creatures (others)
  8 fungi
  5 plants
13 creatures vanquished.

Grand Total: 157 creatures vanquished

Table legend: (Time is in decaauts)
 A = Elapsed time spent in this place.
 B = Non-inter-level travel time spent in this place.
 C = Inter-level travel time spent in this place.
 D = Time resting spent in this place.
 E = Time spent auto-exploring this place.
 F = Levels seen in this place.
 G = Mean time per level.
                   A        B        C        D        E       F      G
               +--------+--------+--------+--------+--------+-----+--------+
         Total |   6512 |   6166 |    346 |    707 |   4373 |   7 |  930.3 |
       Dungeon |   6512 |   6166 |    346 |    707 |   4373 |   7 |  930.3 |
               +--------+--------+--------+--------+--------+-----+--------+

Top non-repeatable levels by time:
     D:6: 1263 daAuts
     D:1: 1220 daAuts
     D:3: 1098 daAuts
     D:4: 957 daAuts
     D:5: 956 daAuts
     D:2: 907 daAuts
     D:7: 109 daAuts

Table legend:
 A = Non-vault XP
 B = Vault XP
 C = Vault XP percentage of total XP
 D = Non-vault monster count
 E = Vault monster count
 F = Vault count percentage of total count
                 A         B        C        D         E       F
            +---------+---------+-------+---------+---------+-------
      Total |    2269 |     655 |  22.4 |     134 |      10 |   6.9
            +---------+---------+-------+---------+---------+-------
        D:1 |      65 |       0 |   0.0 |      36 |       0 |   0.0
        D:2 |     111 |       0 |   0.0 |      25 |       0 |   0.0
        D:3 |      82 |      13 |  13.7 |      21 |       1 |   4.5
        D:4 |     173 |       0 |   0.0 |      12 |       0 |   0.0
        D:5 |     775 |     206 |  21.0 |      16 |       7 |  30.4
        D:6 |     977 |     436 |  30.9 |      21 |       2 |   8.7
        D:7 |      86 |       0 |   0.0 |       3 |       0 |   0.0
            +---------+---------+-------+---------+---------+-------
